 Dungeon Crawl Stone Soup version 0.28.0-45-g0d030f2227 (webtiles) character file.

Game seed: 4433099701262256655

99 Icepheonix32 the Changer (level 4, -1/32 HPs)
             Began as a Merfolk Transmuter on Apr 11, 2022.
             Killed by nerve-wracking pain
             ... invoked by an orc priest
              (9 damage)
             ... on level 4 of the Dungeon.
             The game lasted 00:02:37 (3150 turns).

Icepheonix32 the Changer (Merfolk Transmuter)       Turns: 3150, Time: 00:02:37

Health: -1/32      AC:  4    Str: 10    XL:     4   Next: 72%
Magic:  7/7        EV: 14    Int: 14    God:
Gold:   69         SH:  0    Dex: 14    Spells: 6/7 levels left

rFire   . . .      SeeInvis .     - Unarmed
rCold   . . .      Faith    .   (no shield)
rNeg    . . .      Spirit   .   a - +0 robe
rPois   .          Reflect  .   (no helmet)
rElec   .          Harm     .   j - +0 cloak
rCorr   .          Rampage  .   (no gloves)
Will    .....                   b - +0 pair of boots
Stlth   +.........              e - amulet of magic regeneration
HPRegen 0.10/turn               (no ring)
MPRegen 0.50/turn               (no ring)

@: lethally poisoned (-1 -> -4), invisible
A: (nimble swimmer 2), mertail
a: no special abilities


You were on level 4 of the Dungeon.
You visited 1 branch of the dungeon, and saw 3 of its levels.

You collected 69 gold pieces.

Inventory:

Armour
 a - a +0 robe (worn)
 b - a +0 pair of boots (worn)
 j - a +0 cloak (worn)
Jewellery
 e - an amulet of magic regeneration (around neck)
Scrolls
 c - a scroll of fog {unknown}
 f - 3 scrolls of identify {unknown}
 h - a scroll of teleportation {unknown}
 m - a scroll of amnesia {unknown}
 n - a scroll of fear {unknown}
Potions
 g - a potion of might {unknown}
 i - a potion of haste {unknown}
 k - 2 potions of curing {unknown}


   Skills:
 - Level 1.1 Fighting
 + Level 4.8 Dodging
 - Level 3.2 Unarmed Combat
 - Level 2.0 Spellcasting
 + Level 4.9 Transmutations


You had 6 spell levels left.
You knew the following spells:

 Your Spells              Type           Power      Damage    Failure   Level
a - Beastly Appendage     Tmut           30%        N/A       3%          1

Your spell library contained the following spells:

 Spells                   Type           Power      Damage    Failure   Level
 Wereblood                Tmut           15%        N/A       4%          2
 Spider Form              Tmut/Pois      8%         N/A       26%         3
 Ignite Poison            Fire/Tmut/Pois 6%         N/A       36%         3
 Mephitic Cloud           Conj/Pois/Air  1%         N/A       56%         3
 Ice Form                 Ice/Tmut       8%         N/A       65%         4
 Freezing Cloud           Conj/Ice/Air   0%         6-21      100%        5


Dungeon Overview and Level Annotations

Branches:
Dungeon (2/15)

Altars:


Innate Abilities, Weirdness & Mutations

((You are very nimble when in or above water. (Stealth+, EV+, Speed+++)))
Your lower body shifts to a powerful aquatic tail in water.


Message History

You are poisoned.
The hound closely misses you. The orc hits you with a +0 hand axe.
Something hits you.
Unknown command.
It was a potion of heal wounds.
You feel much better.
You feel very sick. The hound barely misses you.
The orc priest hits you with a +0 short sword of venom.
The hound closely misses you. The orc barely misses you.
Something barely misses you.
You fade into invisibility!
Your transformation is almost over.
You feel sick.
The orc priest hits you with a +0 short sword of venom.
You are lethally poisoned!
The hound bites you. The orc hits you with a +0 hand axe. Something hits you.
* * * LOW HITPOINT WARNING * * *
You feel very sick. The hound misses you. The orc closely misses you.
You feel much better.
You feel very sick. The hound bites you.
You feel very sick.
The orc priest invokes the aid of Beogh against something.
The hound bites you.
You closely miss something. Your headbutt misses something.
You feel sick. The hound misses you. Something barely misses you.
You feel sick. The hound barely misses you. The hound bites you.
You feel sick. The hound misses you. The orc barely misses you.
You closely miss the orc priest. Your headbutt misses the orc priest.
The orc priest is almost dead.
You feel sick. The hound bites you but does no damage.
The orc priest misses you. The hound barely misses you.
The orc barely misses you.
Unknown command.
Your horns disappear.
Your +0 pair of boots unmelds from your body.
You feel sick.
The orc priest calls down the wrath of Beogh upon you.
Pain shoots through your body!
You die...

..##+############
.................
..................
..................
..............o...
.........K..{..[.
###+###)#####'####
#........ho......#
#........o@......#
#................+
#...†............#
#................#
#######...##......
##### ######


You could see a hound, an orc priest and an orc.

Vanquished Creatures
  5 adders (D:2)
  A dart slug (D:2)
  An orc (D:4)
  4 bats
  4 endoplasms (D:1)
  2 giant cockroaches (D:1)
  3 goblins
  7 hobgoblins
  3 jackals (D:1)
  3 quokkas
  5 ball pythons
  7 frilled lizards
  3 kobolds
  5 rats
53 creatures vanquished.

Vanquished Creatures (others)
  A kobold (D:2)
  A plant (D:1)
2 creatures vanquished.

Grand Total: 55 creatures vanquished

Notes
Turn   | Place    | Note
-------+----------+-------------------------------------------
     0 | D:1      | Icepheonix32 the Merfolk Transmuter began the quest for the
                  | Orb.
     0 | D:1      | Reached XP level 1. HP: 15/15 MP: 3/3
   210 | D:1      | Reached XP level 2. HP: 4/21 MP: 3/5
  1033 | D:1      | Reached XP level 3. HP: 13/26 MP: 6/6
  1352 | D:1      | Found a faded altar of an unknown god.
  2020 | D:2      | Reached XP level 4. HP: 16/32 MP: 7/7
  3097 | D:2      | You fall into a shaft and drop 2 floors!
  3150 | D:4      | Killed from afar by an orc priest

Illustrated notes

Levels and vault maps discovered:
D:1:      dpeg_arrival_prison, layout_basic, hellmonk_ecumenical_altar_blasted,
          serial_bayou_pond_a
D:2:      layout_basic, serial_shops, nicolae_shop_behind_doors,
          minmay_misc_feat_cross
D:4:      layout_gridville, nicolae_qazlal_eye_of_the_storm

Skill      XL: |  1  2  3 |
---------------+----------+-----
Dodging        | 3 4 |  4.8
Transmutations | 3 4 |  4.9
Fighting       | |  1.1
Unarmed Combat | |  3.2
Spellcasting   | |  2.0

Action                   |  1- 3 |  4- 6 || total
-------------------------+-------+-------++-------
Melee: Unarmed           |   101 |    56 ||   157
       Headbutt          |    14 |     6 ||    20
       Punch             |     2 |     1 ||     3
 Cast: Beastly Appendage |    23 |    10 ||    33
  Use: Potion            |       |     3 ||     3
Armor: Robe              |    21 |     7 ||    28
Dodge: Dodged            |    80 |    56 ||   136
